General information
- name: BNet
- type: Ladder team game (AT/RT)
- host: Battle.net
- saver: middaguurtjes
map: RiverOfSouls
- players: 6
- length: 13:18
- speed: Fast
- version: 1.24 W3XP
- replay type: Public
» download(116 KB)
Players
team 1 (winner)

»
be1ka (
green | 68 APM | 902 actions | 13:17)
3 Tauren Chieftain
2 Shockwave
1 Endurance Aura
1 Pandaren Brewmaster
1 Drunken Haze
» actions
| Assign group hotkey | 16 | |
| Basic commands | 74 | |
| Build / train | 35 | |
| Enter build submenu | 15 | |
| Enter hero's abilities submenu | 4 | |
| Right click | 309 | |
| Select / deselect | 241 | |
| Select group hotkey | 147 | |
| Use ability | 61 | |
902 total
» units
| Peon | 8 | |
| Grunt | 6 | |
| Troll Witch Doctor | 1 | |
| Tauren | 1 | |
16 total
» upgrades
| Armor | 1 | |
| Berserker Strength | 1 | |
| Melee Weapons | 1 | |
| Witch Doctor Training | 2 | |
5 total
» buildings
| Barracks | 1 | |
| Orc Burrow | 8 | |
| Altar of Storms | 1 | |
| Voodoo Lounge | 1 | |
| Stronghold | 1 | |
| War Mill | 1 | |
| Fortress | 1 | |
| Spirit Lodge | 1 | |
| Tauren Totem | 1 | |
16 total
» build order
00:08 Barracks
00:18 Orc Burrow
00:49 Altar of Storms
01:34 Orc Burrow
02:35 Voodoo Lounge
03:32 Stronghold
04:04 Orc Burrow
04:06 War Mill
05:28 Orc Burrow
07:33 Fortress
07:43 Orc Burrow
08:05 Spirit Lodge
09:24 Orc Burrow
11:38 Tauren Totem
12:47 Orc Burrow
13:01 Orc Burrow
» items
| Healing Salve | 2 | |
| Lesser Clarity Potion | 2 | |
| Scroll of Speed | 1 | |
| Potion of Healing | 1 | |
6 total
Crazy(Soldier) (
red | 72 APM | 953 actions | 13:17)
4 Death Knight
2 Death Coil
2 Unholy Aura
2 Lich
1 Frost Nova
1 Frost Armor
» actions
| Assign group hotkey | 20 | |
| Basic commands | 1 | |
| Build / train | 43 | |
| Enter build submenu | 12 | |
| Enter hero's abilities submenu | 6 | |
| Give item / drop item | 1 | |
| Remove unit from queue | 2 | |
| Right click | 452 | |
| Select / deselect | 161 | |
| Select group hotkey | 203 | |
| Use ability | 52 | |
953 total
» units
| Acolyte | 4 | |
| Ghoul | 3 | |
| Crypt Fiend | 8 | |
| Obsidian Statue | 2 | |
17 total
» upgrades
| Burrow | 1 | |
| Web | 1 | |
| Creature Attack | 1 | |
| Creature Carapace | 1 | |
| Disease Cloud | 1 | |
5 total
» buildings
| Crypt | 1 | |
| Graveyard | 1 | |
| Altar of Darkness | 1 | |
| Ziggurat | 6 | |
| Tomb of Relics | 1 | |
| Nerubian Tower | 1 | |
| Halls of the Dead | 1 | |
| Black Citadel | 1 | |
| Slaughterhouse | 2 | |
15 total
» build order
00:07 Crypt
00:10 Graveyard
00:41 Altar of Darkness
00:56 Ziggurat
01:22 Tomb of Relics
02:00 Ziggurat
02:36 Nerubian Tower
03:52 Halls of the Dead
04:34 Ziggurat
05:29 Ziggurat
06:52 Black Citadel
08:09 Slaughterhouse
08:13 Slaughterhouse
12:45 Ziggurat
12:46 Ziggurat
» items
| Rod of Necromancy | 1 | |
| Dust of Appearance | 1 | |
| Scroll of Speed | 1 | |
| Scroll of Town Portal | 2 | |
| Orb of Corruption | 1 | |
| Lesser Clarity Potion | 2 | |
8 total

»
middaguurtjes (
blue | 112 APM | 1487 actions | 13:18)
4 Blademaster
2 Wind Walk
2 Critical Strike
3 Shadow Hunter
1 Hex
2 Healing Wave
» actions
| Assign group hotkey | 41 | |
| Basic commands | 8 | |
| Build / train | 51 | |
| ESC pressed | 1 | |
| Enter build submenu | 10 | |
| Enter hero's abilities submenu | 7 | |
| Right click | 479 | |
| Select / deselect | 508 | |
| Select group hotkey | 283 | |
| Use ability | 99 | |
1487 total
» units
| Peon | 9 | |
| Grunt | 9 | |
| Raider | 5 | |
| Spirit Walker | 4 | |
| Kodo Beast | 1 | |
28 total
» upgrades
| Ensnare | 1 | |
| Spirit Walker Training | 1 | |
| Berserker Strength | 1 | |
| Pillage | 1 | |
4 total
» buildings
| Altar of Storms | 1 | |
| Orc Burrow | 4 | |
| Barracks | 1 | |
| Voodoo Lounge | 1 | |
| Stronghold | 1 | |
| Beastiary | 1 | |
| Spirit Lodge | 1 | |
| War Mill | 1 | |
11 total
» build order
00:06 Altar of Storms
00:19 Orc Burrow
00:33 Barracks
01:25 Orc Burrow
01:54 Voodoo Lounge
03:09 Stronghold
04:02 Orc Burrow
05:32 Beastiary
05:33 Spirit Lodge
06:42 Orc Burrow
09:12 War Mill
» items
| Healing Salve | 4 | |
| Dust of Appearance | 1 | |
| Lesser Clarity Potion | 2 | |
| Scroll of Healing | 1 | |
8 total
team 2 (loser)
Cookie(M)onster (
pink | 177 APM | 2356 actions | 13:17)
2 Blademaster
1 Wind Walk
1 Critical Strike
2 Shadow Hunter
1 Hex
1 Healing Wave
» actions
| Assign group hotkey | 27 | |
| Basic commands | 3 | |
| Build / train | 59 | |
| Enter build submenu | 10 | |
| Enter hero's abilities submenu | 4 | |
| Give item / drop item | 1 | |
| Remove unit from queue | 2 | |
| Right click | 760 | |
| Select / deselect | 448 | |
| Select group hotkey | 978 | |
| Use ability | 64 | |
2356 total
» units
| Peon | 13 | |
| Grunt | 3 | |
| Raider | 9 | |
| Spirit Walker | 5 | |
30 total
» upgrades
| Berserker Strength | 1 | |
| Ensnare | 1 | |
| Spirit Walker Training | 1 | |
| Pillage | 1 | |
4 total
» buildings
| Altar of Storms | 1 | |
| Orc Burrow | 3 | |
| Voodoo Lounge | 1 | |
| Barracks | 1 | |
| Stronghold | 1 | |
| Beastiary | 1 | |
| Spirit Lodge | 1 | |
| War Mill | 1 | |
10 total
» build order
00:06 Altar of Storms
00:21 Orc Burrow
00:50 Voodoo Lounge
01:31 Barracks
02:38 Stronghold
03:21 Orc Burrow
03:54 Orc Burrow
05:02 Beastiary
05:04 Spirit Lodge
12:58 War Mill
» items
| Healing Salve | 1 | |
| Lesser Clarity Potion | 1 | |
| Scroll of Speed | 1 | |
| Boots of Speed | 1 | |
| Potion of Healing | 1 | |
| Scroll of Town Portal | 1 | |
| Potion of Lesser Invulnerability | 1 | |
7 total
TouZen (
purple | 166 APM | 2195 actions | 13:12)
4 Death Knight
2 Death Coil
2 Unholy Aura
1 Lich
1 Frost Nova
» actions
| Assign group hotkey | 29 | |
| Basic commands | 131 | |
| Build / train | 43 | |
| ESC pressed | 7 | |
| Enter build submenu | 11 | |
| Enter hero's abilities submenu | 5 | |
| Give item / drop item | 2 | |
| Right click | 764 | |
| Select / deselect | 420 | |
| Select group hotkey | 699 | |
| Use ability | 84 | |
2195 total
» units
| Acolyte | 3 | |
| Ghoul | 1 | |
| Crypt Fiend | 11 | |
| Obsidian Statue | 2 | |
17 total
» buildings
| Crypt | 1 | |
| Graveyard | 1 | |
| Altar of Darkness | 1 | |
| Ziggurat | 4 | |
| Tomb of Relics | 1 | |
| Nerubian Tower | 1 | |
| Halls of the Dead | 1 | |
| Slaughterhouse | 1 | |
| Black Citadel | 2 | |
13 total
» build order
00:06 Crypt
00:12 Graveyard
00:34 Altar of Darkness
00:46 Ziggurat
01:17 Tomb of Relics
01:56 Ziggurat
02:22 Nerubian Tower
03:42 Halls of the Dead
04:30 Ziggurat
04:33 Ziggurat
06:55 Slaughterhouse
08:48 Black Citadel
08:48 Black Citadel
» items
| Rod of Necromancy | 3 | |
| Dust of Appearance | 2 | |
| Potion of Healing | 4 | |
| Scroll of Town Portal | 1 | |
| Scroll of Protection | 1 | |
| Scroll of Healing | 1 | |
12 total
WhoAreYou (
orange | 111 APM | 1473 actions | 13:16)
3 Archmage
2 Summon Water Elemental
1 Brilliance Aura
1 Mountain King
1 Storm Bolt
» actions
| Assign group hotkey | 31 | |
| Basic commands | 6 | |
| Build / train | 46 | |
| Enter build submenu | 21 | |
| Enter hero's abilities submenu | 4 | |
| Remove unit from queue | 2 | |
| Right click | 545 | |
| Select / deselect | 180 | |
| Select group hotkey | 577 | |
| Use ability | 61 | |
1473 total
» units
| Peasant | 15 | |
| Footman | 6 | |
| Sorceress | 3 | |
| Priest | 1 | |
| Spell Breaker | 2 | |
27 total
» upgrades
» buildings
| Altar of Kings | 1 | |
| Farm | 6 | |
| Barracks | 1 | |
| Scout Tower | 6 | |
| Arcane Tower | 1 | |
| Arcane Vault | 1 | |
| Keep | 1 | |
| Lumber Mill | 1 | |
| Arcane Sanctum | 4 | |
| Town Hall | 1 | |
23 total
» build order
00:06 Altar of Kings
00:20 Farm
00:23 Barracks
00:49 Farm
01:45 Scout Tower
01:55 Farm
03:04 Arcane Tower
03:27 Arcane Vault
04:49 Keep
05:13 Lumber Mill
05:26 Farm
05:29 Farm
07:30 Arcane Sanctum
07:33 Arcane Sanctum
07:38 Arcane Sanctum
07:56 Arcane Sanctum
11:28 Town Hall
11:43 Farm
12:39 Scout Tower
12:40 Scout Tower
12:41 Scout Tower
12:42 Scout Tower
12:43 Scout Tower
» items
| Scroll of Regeneration | 3 | |
| Lesser Clarity Potion | 3 | |
| Boots of Speed | 1 | |
| Scroll of Town Portal | 2 | |
9 total
Chat log
(00:13 / Allies) middaguurtjes: again 2 roc
(00:14 / Allies) middaguurtjes: orc
(00:25 / Allies) be1ka: tc gr taurens
(00:38 / Allies) middaguurtjes: raider sw wyvs
(03:07 / Allies) middaguurtjes: sry
(03:11 / Allies) middaguurtjes: im confues
(03:12 / Allies) middaguurtjes: sed
(03:16 / Allies) middaguurtjes: though was the same map ;D
(06:20 / Allies) middaguurtjes: k sec
(08:58 / Allies) middaguurtjes: gogo
(09:16 / Allies) Crazy(Soldier): sec orb i buy
(09:27 / Allies) middaguurtjes: b
(10:11 / Allies) Crazy(Soldier): main
(10:29 / Allies) Crazy(Soldier): tp
(10:31 / Allies) middaguurtjes: tp[
(10:36 / Allies) be1ka: mm?
(12:50 / Allies) middaguurtjes: gg
(13:10 / All) TouZen: gg
(13:12 / All) middaguurtjes: gg
(13:14 / All) Cookie(M)onster: wp